 Dungeon Sprint DCSS version 0.32-a0-41-gec2d92a32c (webtiles) character file.

Game seed: 1306238165659440904

3829850 rocky1 the Conqueror (level 22, 275/275 HPs)
             Began as an Oni Gladiator on Jan 26, 2024.
             Was an Initiate of Gozag.
             Escaped with the Orb
             ... and 3 runes!
             The game lasted 01:27:23 (17582 turns).

rocky1 the Conqueror (Oni Gladiator)               Turns: 17582, Time: 01:27:24

Health: 275/275    AC: 39    Str: 40    XL:     22   Next: 28%
Magic:  53/53      EV: 23    Int:  8    God:    Gozag
Gold:   16584      SH: 30    Dex: 15    Spells: 36/75 levels left

rFire   + + +        N - +9 eveningstar (heavy)
rCold   + + +        L - +5 tower shield {reflect}
rNeg    + . .        Y - +8 gold dragon scales
rPois   +            y - +2 hat of the Bear Spirit {Spirit, Bear, *Rage Will++}
rElec   +            B - +0 cloak of Aloyrch {Regen+}
rCorr   +            (gloves unavailable)
SInv    .            (boots unavailable)
Will    ++++.        k - amulet of Obliuwk {rElec rF+ Regen+ rCorr} Stlth
                     H - ring "Muvagre" {+Blink rF+ rN+ Str+4 Dex+6}
HPRegen 2.25/turn    U - ring of Wyson {rC++ EV+5 Stlth+}
MPRegen 0.33/turn

%: no teleportation, random rage (20%), reflection, guardian spirit
@: gold aura
A: large, unfitting armour, horns 1, tough skin 1, double potion healing,
drunken brawling, talons 1, strong 1
0: Orb of Zot
}: 3/3 runes: silver, golden, iron
a: Renounce Religion, Evoke Blink, Potion Petition, Call Merchant, Bribe Branch


You escaped.
You worshipped Gozag.
Gozag was extremely pleased with you.
You visited 1 branch You collected 73323 gold pieces.
You spent 13271 gold pieces at shops.
You paid 43468 gold pieces to Gozag.

Inventory:

Hand Weapons
 x - the +7 giant spiked club of Fevvum {flame, rF+}
   (You found it in the Dungeon)

   rF+:       It protects you from fire.
 N - a +9 heavy eveningstar (weapon)
 R - a +6 sacred scourge of holy wrath
Missiles
 e - 7 large rocks
Armour
 y - the +2 hat of the Bear Spirit (worn) {Spirit, Bear, *Rage Will++}
   (You bought it in a shop in the Dungeon)

   Bear:      Going berserk makes the wearer exceptionally tough, and they are
   slowed for a shorter time afterward.
   Will++:    It greatly increases your willpower.
   *Rage:     It berserks you when you make melee attacks (+20% chance).
 B - the +0 cloak of Aloyrch (worn) {Regen+}
   (You bought it in a shop in the Dungeon)

   Regen+:    It increases your rate of health regeneration.
 I - the +4 skin of Zhor {*Englaciate rC+++ SInv}
   (You bought it in a shop in the Dungeon)

   *Englaciate: It radiates cold, occasionally slowing all nearby creatures who
   are not resistant to cold.
   rC+++:     It renders you almost immune to cold.
   SInv:      It lets you see invisible.
 L - a +5 tower shield of reflection (worn)
 P - the orb of Dispater {+Damnation *Corrode AC+5}
   (You took it off Dispater in the Dungeon)

   +Damnation: It grants the ability to hurl damnation at the cost of health and
   magic, with strength depending on Evocations skill.
   AC+5:      It affects your AC (+5).
   *Corrode:  It may corrode you when you take damage.
 Y - +8 gold dragon scales (worn)
Jewellery
 k - the amulet of Obliuwk (around neck) {rElec rF+ Regen+ rCorr}
   (You found it in the Dungeon)

   [amulet of regeneration]

   rF+:       It protects you from fire.
   rElec:     It insulates you from electricity.
   Regen+:    It increases your rate of health regeneration.
   rCorr:     It protects you from acid and corrosion.
 H - the ring "Muvagre" (left hand) {+Blink rF+ rN+ Str+4 Dex+6}
   (You found it in the Dungeon)

   [ring of positive energy]

   Str+4:     It affects your strength (+4).
   Dex+6:     It affects your dexterity (+6).
   rF+:       It protects you from fire.
   rN+:       It protects you from negative energy.
   +Blink:    It lets you blink.
 U - the ring of Wyson (right hand) {rC++ EV+5 Stlth+}
   (You bought it in a shop in the Dungeon)

   [ring of evasion]

   EV+5:      It affects your evasion (+5).
   rC++:      It greatly protects you from cold.
   Stlth+:    It makes you more stealthy.
Wands
 o - a wand of acid (19)
 G - a wand of mindburst (15)
Scrolls
 b - 2 scrolls of summoning
 c - 2 scrolls of silence
 j - a scroll of revelation
 m - 2 scrolls of vulnerability
 t - 3 scrolls of blinking
 A - 2 scrolls of fear
 F - 2 scrolls of fog
 Q - a scroll of torment
 T - a scroll of identify
Potions
 a - a potion of berserk rage
 f - 17 potions of curing
 h - 9 potions of haste
 i - 11 potions of magic
 l - 4 potions of invisibility
 q - a potion of ambrosia
 u - 8 potions of resistance
 v - 6 potions of brilliance
 C - 5 potions of mutation
 D - 7 potions of heal wounds
 S - 3 potions of might
 X - 2 potions of cancellation
Miscellaneous
 d - a phial of floods
 g - a sack of spiders
 p - a lightning rod (4/4)
 z - a phantom mirror
 O - a condenser vane


   Skills:
 O Level 27 Fighting
 O Level 27 Maces & Flails
 - Level 2.0 Throwing
 O Level 27 Armour
 O Level 27 Dodging
 O Level 27 Shields
 O Level 27 Spellcasting
 + Level 16.0 Hexes
 + Level 16.0 Summonings
 + Level 16.0 Necromancy
 + Level 16.0 Translocations
 + Level 25.2 Fire Magic
 + Level 25.1 Air Magic
 - Level 14.0 Evocations


You had 36 spell levels left.
You knew the following spells:

 Your Spells              Type           Power      Damage    Failure   Level
a - Plasma Beam           Fire/Air       25%        2x1d37    1%          6
b - Silence               Hex/Air        21%        N/A       1%          5
c - Infestation           Necr           18%        N/A       65%         8
d - Haunt                 Necr/Summ      18%        N/A       12%         7
e - Death's Door          Necr           18%        N/A       100%        9
f - Manifold Assault      Tloc           36%        N/A       1%          4

Your spell library contained the following spells:

 Spells                   Type           Power      Damage    Failure   Level
 Apportation              Tloc           72%        N/A       0%          1
 Necrotise                Necr           100%       1d9       0%          1
 Slow                     Hex            100%       N/A       0%          1
 Swiftness                Air            50%        N/A       0%          3
 Volatile Blastmotes      Fire/Tloc      86%        2d17      0%          3
 Airstrike                Air            25%        2d(4-20)  0%          4
 Shock                    Conj/Air       100%       1d9       1%          1
 Call Imp                 Summ           72%        N/A       1%          2
 Ensorcelled Hibernation  Hex/Ice        46%        N/A       1%          2
 Jinxbite                 Hex            72%        N/A       1%          2
 Lesser Beckoning         Tloc           72%        N/A       1%          2
 Mercury Vapours          Alch/Air       60%        N/A       1%          2
 Momentum Strike          Conj/Tloc      46%        3d9       1%          2
 Static Discharge         Conj/Air       60%        3-6/arc   1%          2
 Sublimation of Blood     Necr           36%        N/A       1%          2
 Call Canine Familiar     Summ           36%        N/A       1%          3
 Fugue of the Fallen      Necr           36%        N/A       1%          3
 Gell's Gravitas          Tloc           36%        N/A       1%          3
 Mephitic Cloud           Conj/Alch/Air  24%        N/A       1%          3
 Sigil of Binding         Hex            36%        N/A       1%          3
 Summon Ice Beast         Ice/Summ       23%        N/A       1%          3
 Teleport Other           Tloc           36%        N/A       1%          3
 Tukima's Dance           Hex            36%        N/A       1%          3
 Vampiric Draining        Necr           36%        2d8       1%          3
 Anguish                  Hex/Necr       18%        N/A       1%          4
 Dimensional Bullseye     Hex/Tloc       18%        N/A       1%          4
 Martyr's Knell           Necr/Summ      36%        N/A       1%          4
 Summon Lightning Spire   Summ/Air       43%        N/A       1%          4
 Vhi's Electric Charge    Tloc/Air       86%        N/A       1%          4
 Arcjolt                  Conj/Air       15%        1d25      1%          5
 Curse of Agony           Necr           36%        N/A       1%          5
 Dispersal                Tloc           18%        N/A       1%          6
 Iskenderun's Mystic Bla  Conj/Tloc      23%        2d6       3%          4
 Freezing Cloud           Conj/Ice/Air   12%        6-21      9%          5
 Conjure Ball Lightning   Conj/Air       15%        3x3d6     9%          6
 Sandblast                Erth           20%        2d7       10%         1
 Metabolic Englaciation   Hex/Ice        11%        N/A       10%         5
 Enfeeble                 Hex            18%        N/A       12%         7
 Malign Gateway           Summ/Tloc      18%        N/A       12%         7
 Searing Ray              Conj           20%        2d5       14%         2
 Frozen Ramparts          Ice            20%        1d4       28%         3
 Hailstorm                Conj/Ice       10%        3d6       28%         3
 Ozocubu's Armour         Ice            10%        N/A       28%         3
 Passwall                 Erth           10%        N/A       28%         3
 Stone Arrow              Conj/Erth      20%        3d8       28%         3
 Discord                  Hex            18%        N/A       65%         8
 Disjunction              Tloc           18%        N/A       65%         8
 Summon Horrible Things   Summ           18%        N/A       65%         8
 Brom's Barrelling Bould  Conj/Erth      10%        2d3       67%         4
 Leda's Liquefaction      Alch/Erth      5%         N/A       67%         4
 Petrify                  Alch/Erth      10%        N/A       67%         4
 Alistair's Intoxication  Alch           6%         N/A       95%         5
 Sculpt Simulacrum        Ice/Alch       5%         N/A       100%        6
 Shatter                  Erth           5%         3d8*      100%        9
 Animate Dead             Necr           Unusable   N/A       N/A         4

Dungeon Overview and Level Annotations

Branches:
Dungeon (1/1)

Altars:
Ashenzari
Cheibriados
Dithmenos
Elyvilon
Fedhas
Gozag
Hepliaklqana
Kikubaaqudgha
Makhleb
Nemelex Xobeh
Okawaru
Qazlal
Ru
Sif Muna
Trog
Uskayaw
Vehumet
Wu Jian
Xom
Yredelemnul
Zin
The Shining One
Jiyva
Lugonu

Shops:
D *[[([![!(*!!*[([=[*


Innate Abilities, Weirdness & Mutations

You are too large for most types of armour.
You have a pair of small horns on your head.
You have tough skin. (AC +1)
You gain doubled healing and magic from potions.
Whenever you drink a healing potion, you attack all around you.
You have sharp toenails.
Your muscles are strong. (Str +4, Int/Dex -1)


Message History

You now have 16287 gold pieces (gained 117).
You see here a +1 demon whip of electrocution.
You now have 16368 gold pieces (gained 81).
An Orb Guardian comes into view.
You block the Orb Guardian's attack.
You miss the Orb Guardian.
You headbutt the Orb Guardian, but do no damage.
You block the Orb Guardian's attack.
You closely miss the Orb Guardian.
You claw the Orb Guardian, but do no damage.
Your headbutt misses the Orb Guardian. The Orb Guardian barely misses you.
You block the Orb Guardian's attack.
You closely miss the Orb Guardian. Your kick misses the Orb Guardian.
Your headbutt misses the Orb Guardian.
You recover from your berserk rage.
You block the Orb Guardian's attack.
You impale the Orb Guardian!!
You claw the Orb Guardian, but do no damage.
You headbutt the Orb Guardian, but do no damage.
The Orb Guardian is heavily wounded.
You block the Orb Guardian's attack. x2
You sock the Orb Guardian!
You claw the Orb Guardian, but do no damage.
You headbutt the Orb Guardian, but do no damage.
The Orb Guardian is heavily wounded.
You block the Orb Guardian's attack.
You puncture the Orb Guardian! You claw the Orb Guardian!
You headbutt the Orb Guardian.
The Orb Guardian is almost dead.
You block the Orb Guardian's attack. x2
You beat the Orb Guardian like a drum!!!!
You kill the Orb Guardian!
Your Hexes skill increases to level 16!
Your Summonings skill increases to level 16!
Your Necromancy skill increases to level 16!
Your Translocations skill increases to level 16!
You now have 16584 gold pieces (gained 216).
There is an open door to the Entrance Hall (Safe) here.
There is a staircase leading out of the dungeon here.
You have escaped!

##########.##................''..
#...........'..........).....''..
#'#####'#####......#..#......##..
#.#..#.....##................##..
#.#))#####'#####'#####''#########
#.#.)#.....##.......##''#########
#.#))#.....##.......##......+..+.
#.#[[###'####.......##......+..+[
#.##'#.....##...@...##....)##..##
#.#........##.......##...###...[#
#.#........##.......##..##.......
#'###########.......##')#)..#..#.
#)......#..*##########......∩....
#..###..#.############++#...#..#.
#.......#.#....#..[[##..##.......
##.###.##)#....#..[[##...###....#
#.......#.))...'...)##....)##..##


There were no monsters in sight!

Vanquished Creatures
  9 pandemonium lords (D)
  Dissolution (D)
  Ignacio (D)
  Frederick (D)
  Dispater (D)
  An orb of fire (D)
  6 ancient liches (D)
  Mara (D)
  Mennas (D)
  Xtahua (D)
  Boris (D)
  4 royal mummies (D)
  A Killer Klown (D)
  A curse toe (D)
  Margery (D)
  Nikola (D)
  14 golden dragons (D)
  2 bone dragons (D)
  2 pearl dragons (D)
  5 Brimstone Fiends (D)
  2 tentacled monstrosities (D)
  6 Tzitzimimeh (D)
  3 electric golems (D)
  4 Hell Sentinels (D)
  28 Orb Guardians (D)
  4 hellephants (D)
  3 Ice Fiends (D)
  3 liches (D)
  7 titans (D)
  6 deep elf blademasters (D)
  9 quicksilver dragons (D)
  3 acid blobs (D)
  A death cob (D)
  4 sphinxes (D)
  2 Executioners (D)
  4 deep elf master archers (D)
  17 shadow dragons (D)
  3 storm dragons (D)
  An azure jelly (D)
  Ilsuiw (D)
  2 frost giants (D)
  3 nagarajas (D)
  3 fire giants (D)
  2 draconian shifters (D)
  2 draconian scorchers (D)
  A deep elf sorcerer (D)
  3 ghost moths (D)
  3 balrugs (D)
  2 emperor scorpions (D)
  8 iron dragons (D)
  Louise (D)
  3 angels (D)
  A draconian stormcaller (D)
  A spriggan defender (D)
  A draconian annihilator (D)
  3 orc warlords (D)
  A ghoul (D)
  A stone giant (D)
  2 cacodemons (D)
  An ophan (D)
  2 deep elf demonologists (D)
  2 apis (D)
  3 deep elf death magi (D)
  6 dire elephants (D)
  A vampire knight (D)
  A green draconian (D)
  2 black draconians (D)
  A purple draconian (D)
  5 deep elf annihilators (D)
  2 yellow draconians (D)
  A war gargoyle (D)
  A red draconian (D)
  2 lorocyprocas (D)
  An ettin (D)
  2 green deaths (D)
  15 fire dragons (D)
  7 blizzard demons (D)
  2 mummy priests (D)
  3 yaktaur captains (D)
  A merfolk javelineer (D)
  2 deep elf high priests (D)
  3 great orbs of eyes (D)
  14 ice dragons (D)
  16 hydras (D)
  2 ogre magi (D)
  An alligator (D)
  A hell beast (D)
  3 vault guards (D)
  5 catoblepae (D)
  A dancing weapon (D)
  3 death knights (D)
  An alligator snapping turtle (D)
  5 two-headed ogres (D)
  A naga warrior (D)
  5 deep troll shamans (D)
  3 vampire magi (D)
  2 demonic crawlers (D)
  2 occultists (D)
  A naga sharpshooter (D)
  6 hell hogs (D)
  3 deep elf knights (D)
  2 soul eaters (D)
  7 sun demons (D)
  3 iron trolls (D)
  3 cherubim (D)
  A sea snake (D)
  5 deep trolls (D)
  A deep troll (shapeshifter) (D)
  18 swamp dragons (D)
  5 lindwurms (D)
  An arcanist (D)
  13 orc knights (D)
  A large abomination (D)
  A necromancer (D)
  A phantasmal warrior (D)
  A cyclops (D)
  A wolf spider (D)
  8 elephants (D)
  A moth of wrath (D)
  2 rust devils (D)
  3 naga magi (D)
  An eye of devastation (D)
  2 molten gargoyles (D)
  2 guardian serpents (D)
  2 smoke demons (D)
  A kobold demonologist (D)
  2 hellions (D)
  4 rime drakes (D)
  A freezing wraith (D)
  2 komodo dragons (D)
  An efreet (D)
  11 yaktaurs (D)
  4 ice devils (D)
  A red devil (D)
  3 merfolk (D)
  A wind drake (D)
  A hellwing (D)
  A tyrant leech (D)
  A snapping turtle (D)
  A glass eye (D)
  5 blink frogs (D)
  7 slime creatures (D)
  A wraith (D)
  A ynoxinul (D)
  A culicivora (shapeshifter) (D)
  4 air elementals (D)
  A fire bat (D)
  6 wyverns (D)
  A fire elemental (D)
  A warg (D)
  2 golden eyes (D)
  A vampire (D)
  6 basilisks (D)
  2 steam dragons (D)
  7 redbacks (D)
  3 acid dragons (D)
  4 swamp drakes (D)
  Pargi (D)
  An orc warrior (D)
  2 laughing skulls (D)
  A centaur (D)
  A weeping skull (D)
  3 necrophages (D)
  4 scorpions (D)
  9 killer bees (D)
  A hound (D)
  3 orc priests (D)
  A gnoll bouda (D)
  2 jellies (D)
  Crazy Yiuf (D)
  2 iguanas (D)
  A hell rat (D)
  6 gnolls (D)
  2 adders (D)
  An ufetubus (D)
  An adder skeleton (D)
  A ribbon worm (D)
  2 adder simulacra (D)
  2 orcs (D)
  A bat (D)
  A bat zombie (D)
  A giant cockroach (D)
  A quokka (D)
  A ball python (D)
  2 ball python simulacra (D)
  3 ball python skeletons (D)
  2 frilled lizards (D)
  A kobold (D)
  A quokka skeleton (D)
  A quokka zombie (D)
  A rat (D)
587 creatures vanquished.

Vanquished Creatures (collateral kills)
  An earth elemental (D)
1 creature vanquished.

Vanquished Creatures (others)
  A Brimstone Fiend (D)
  A lorocyproca (D)
  A war gargoyle (D)
  A deep elf annihilator (D)
  A great orb of eyes (D)
  A shadow wraith (D)
  A sun demon (D)
  An ugly thing (D)
  A necrophage (D)
  An adder simulacrum (D)
  A ball python simulacrum (D)
11 creatures vanquished.

Grand Total: 599 creatures vanquished

Notes
Turn   | Place    | Note
-------+----------+-------------------------------------------
     0 | D        | rocky1 the Oni Gladiator began the quest for the Orb.
     0 | D        | Reached XP level 1. HP: 22/22 MP: 1/1
    11 | D        | Noticed a scorpion
    18 | D        | Killed a scorpion
    19 | D        | Reached skill level 5 in Maces & Flails
    19 | D        | Reached XP level 2. HP: 23/36 MP: 2/2
    19 | D        | Reached XP level 3. HP: 29/44 MP: 3/3
    76 | D        | Found a bloodstained altar of Trog.
    76 | D        | Found a shimmering blue altar of Sif Muna.
    76 | D        | Found a viscous altar of Jiyva.
    76 | D        | Found a hazy altar of Hepliaklqana.
    76 | D        | Found an opulent altar of Gozag.
    99 | D        | Found a glowing golden altar of the Shining One.
    99 | D        | Found a glowing silver altar of Zin.
    99 | D        | Found a basalt altar of Yredelemnul.
    99 | D        | Found a shimmering altar of Xom.
    99 | D        | Found an ornate altar of the Wu Jian Council.
    99 | D        | Found a sacrificial altar of Ru.
    99 | D        | Found a stormy altar of Qazlal.
    99 | D        | Found an iron altar of Okawaru.
    99 | D        | Found a sparkling altar of Nemelex Xobeh.
    99 | D        | Found a burning altar of Makhleb.
    99 | D        | Found a blossoming altar of Fedhas.
    99 | D        | Found a white marble altar of Elyvilon.
    99 | D        | Found a shadowy altar of Dithmenos.
    99 | D        | Found a snail-covered altar of Cheibriados.
   102 | D        | Found a corrupted altar of Lugonu.
   102 | D        | Found a radiant altar of Vehumet.
   103 | D        | Found an ancient bone altar of Kikubaaqudgha.
   103 | D        | Found a hide-covered altar of Uskayaw.
   103 | D        | Found a broken altar of Ashenzari.
   108 | D        | Became a worshipper of Gozag Ym Sagoz the Greedy
   126 | D        | Reached XP level 4. HP: 52/52 MP: 4/4
   347 | D        | Noticed a glass eye
   359 | D        | Killed a glass eye
   360 | D        | Reached XP level 5. HP: 66/66 MP: 5/5
   360 | D        | Reached XP level 6. HP: 74/74 MP: 6/6
   528 | D        | Noticed Pargi
   530 | D        | Noticed Crazy Yiuf
   543 | D        | Killed Pargi
   549 | D        | Killed Crazy Yiuf
   556 | D        | Reached XP level 7. HP: 54/84 MP: 7/7
   753 | D        | Reached skill level 5 in Armour
   755 | D        | Noticed a tyrant leech
   770 | D        | Killed a tyrant leech
   771 | D        | Reached skill level 10 in Fighting
   771 | D        | Reached skill level 10 in Maces & Flails
  1249 | D        | Noticed an ice devil
  1249 | D        | Noticed a wraith
  1257 | D        | Killed a wraith
  1258 | D        | Reached XP level 8. HP: 61/97 MP: 8/8
  1272 | D        | Killed an ice devil
  1837 | D        | Reached XP level 9. HP: 106/107 MP: 9/9
  1954 | D        | Bought the +2 hat of the Bear Spirit {Spirit, Bear, *Rage
                  | Will++} for 977 gold pieces
  1954 | D        | Found the +2 hat of the Bear Spirit {Spirit, Bear, *Rage
                  | Will++}
  2064 | D        | Bought a smoking robe for 159 gold pieces
  2064 | D        | Identified the +2 robe "Plog" {rElec Will+ Str+3} (You
                  | bought it in a shop in the Dungeon)
  2064 | D        | Bought a runed robe for 103 gold pieces
  2064 | D        | Bought a spiked cloak for 266 gold pieces
  2064 | D        | Identified the +0 cloak of Aloyrch {Regen+} (You bought it
                  | in a shop in the Dungeon)
  2277 | D        | Noticed an arcanist
  2284 | D        | Killed an arcanist
  2747 | D        | Noticed an ice devil
  2755 | D        | Noticed an elephant
  2757 | D        | Killed an ice devil
  2758 | D        | Reached skill level 10 in Dodging
  2762 | D        | Killed an elephant
  2763 | D        | Reached XP level 10. HP: 120/120 MP: 13/16
  2827 | D        | Noticed a great orb of eyes
  2828 | D        | Paralysed by an air elemental for 1 turns
  2839 | D        | Noticed a cyclops
  2841 | D        | Killed a great orb of eyes
  2842 | D        | Reached skill level 5 in Spellcasting
  2846 | D        | Killed a cyclops
  2847 | D        | Reached skill level 15 in Maces & Flails
  3017 | D        | Noticed a lindwurm
  3017 | D        | Noticed an elephant
  3017 | D        | Noticed an elephant
  3017 | D        | Noticed an elephant
  3017 | D        | Noticed an elephant
  3017 | D        | Noticed an elephant
  3017 | D        | Noticed an elephant
  3053 | D        | Killed an elephant
  3054 | D        | Reached skill level 15 in Fighting
  3060 | D        | Killed an elephant
  3064 | D        | Reached skill level 10 in Armour
  3066 | D        | Killed a lindwurm
  3067 | D        | Reached XP level 11. HP: 122/132 MP: 19/21
  3327 | D        | Noticed a demonic crawler
  3335 | D        | Killed a demonic crawler
  3645 | D        | Got the ring "Muvagre" {+Blink rF+ rN+ Str+4 Dex+6}
  3670 | D        | Bought the +4 skin of Zhor {*Englaciate rC+++ SInv} for 997
                  | gold pieces
  3670 | D        | Found the +4 skin of Zhor {*Englaciate rC+++ SInv}
  3670 | D        | Bought a +1 cloak of poison resistance for 202 gold pieces
  3727 | D        | Noticed an occultist
  3734 | D        | Killed an occultist
  4238 | D        | Noticed a ghost moth
  4240 | D        | Noticed a deep troll
  4249 | D        | Killed a ghost moth
  4254 | D        | Killed a deep troll
  4363 | D        | Noticed a seven-headed hydra
  4363 | D        | Noticed a phantasmal warrior
  4369 | D        | Killed a seven-headed hydra
  4370 | D        | Reached XP level 12. HP: 148/148 MP: 25/25
  4377 | D        | Reached skill level 10 in Spellcasting
  4433 | D        | Noticed a naga sharpshooter
  4433 | D        | Noticed an orc warlord
  4434 | D        | Noticed an orc warlord
  4480 | D        | Killed an orc warlord
  4518 | D        | Killed a naga sharpshooter
  4718 | D        | Killed an orc warlord
  4741 | D        | Noticed a yaktaur captain
  4752 | D        | Killed a yaktaur captain
  4862 | D        | Noticed a vault guard
  4871 | D        | Killed a vault guard
  4975 | D        | Reached XP level 13. HP: 147/161 MP: 24/29
  5030 | D        | Noticed a yaktaur captain
  5043 | D        | Killed a yaktaur captain
  5073 | D        | Noticed a shadow dragon
  5080 | D        | Noticed a vault guard
  5098 | D        | Killed a shadow dragon
  5102 | D        | Killed a vault guard
  5488 | D        | Found the +5 glaive of the Guard {elec, spectral}
  5900 | D        | Bought a potion of heal wounds for 65 gold pieces
  5900 | D        | Bought a potion of haste for 130 gold pieces
  5900 | D        | Bought a potion of curing for 39 gold pieces
  5900 | D        | Bought a potion of brilliance for 52 gold pieces
  5902 | D        | Bought a book of Lightning for 504 gold pieces
  5902 | D        | Bought a +1 heavy eveningstar for 476 gold pieces
  5902 | D        | Bought a scroll of revelation for 105 gold pieces
  5902 | D        | Noticed an ice dragon
  5902 | D        | Noticed a balrug
  5902 | D        | Noticed a shadow dragon
  5902 | D        | Noticed an acid blob
  5902 | D        | Noticed a deep elf master archer
  6001 | D        | Noticed a storm dragon
  6001 | D        | Noticed a death cob
  6001 | D        | Noticed Ilsuiw
  6009 | D        | Killed a death cob
  6010 | D        | Reached skill level 1 in Shields
  6014 | D        | Killed a storm dragon
  6027 | D        | Killed Ilsuiw
  6047 | D        | Got the Book of the Lungs and Trauma
  6097 | D        | Learned a level 6 spell: Plasma Beam
  6126 | D        | Noticed an emperor scorpion
  6135 | D        | Killed an emperor scorpion
  6140 | D        | Noticed a frost giant
  6147 | D        | Paralysed by an air elemental for 1 turns
  6151 | D        | Killed a frost giant
  6157 | D        | Noticed an ice dragon
  6160 | D        | Killed an ice dragon
  6161 | D        | Reached skill level 15 in Dodging
  6161 | D        | Reached XP level 14. HP: 129/176 MP: 32/32
  6192 | D        | Noticed an emperor scorpion
  6197 | D        | Killed an emperor scorpion
  6198 | D        | Reached skill level 5 in Shields
  6230 | D        | Got the Grimoire of Postmortem Interference
  6239 | D        | Got the +1 pearl dragon scales "Akhoizeasm" {rN+ Regen+
                  | Str+3 Int+3}
  6382 | D        | Reached skill level 15 in Armour
  6533 | D        | Bought the +8 morningstar "Emeug" {protect, Dex+5} for 1059
                  | gold pieces
  6601 | D        | Noticed a red draconian
  6606 | D        | Killed a red draconian
  6606 | D        | Noticed a nagaraja
  6610 | D        | Killed a nagaraja
  6616 | D        | Noticed a bone dragon
  6616 | D        | Noticed a deep elf annihilator
  6751 | D        | Noticed a deep elf master archer
  6765 | D        | Killed a deep elf master archer
  6766 | D        | Reached skill level 10 in Shields
  6769 | D        | Killed a bone dragon
  6803 | D        | Noticed a lorocyproca
  6808 | D        | Killed a lorocyproca
  6809 | D        | Reached XP level 15. HP: 192/196 MP: 33/33
  6932 | D        | Noticed a shadow dragon
  6935 | D        | Noticed a frost giant
  6938 | D        | Killed a shadow dragon
  6949 | D        | Killed a frost giant
  7141 | D        | Paralysed by a vampire knight for 3 turns
  7366 | D        | Noticed a deep elf sorcerer
  7375 | D        | Killed a deep elf sorcerer
  7383 | D        | Noticed a cacodemon
  7398 | D        | Killed a cacodemon
  7559 | D        | Got Sif Muna's Volume of Windy Reformation
  7718 | D        | Reached skill level 1 in Evocations
  7741 | D        | Noticed a golden dragon
  7759 | D        | Reached skill level 27 in Fighting
  7785 | D        | Reached skill level 5 in Evocations
  7986 | D        | Reached skill level 15 in Shields
  7986 | D        | Reached XP level 16. HP: 217/217 MP: 34/34
  8008 | D        | Killed a golden dragon
  8159 | D        | Got a silver rune of Zot
  8202 | D        | Got the granite talisman "Culao" {Str+5}
  8326 | D        | Bought a shiny tower shield for 247 gold pieces
  8340 | D        | Bought the ring of Eraennix {rElec rF- rN+ Will+} for 521
                  | gold pieces
  8340 | D        | Bought the ring of Qazlal's Scorn {rCorr AC+4 Str-2 Dex+8}
                  | for 979 gold pieces
  8340 | D        | Bought the ring of Wyson {rC++ EV+5 Stlth+} for 1012 gold
                  | pieces
  8342 | D        | Bought a scroll of fear for 56 gold pieces
  8342 | D        | Bought a scroll of revelation for 105 gold pieces
  8342 | D        | Bought a potion of cancellation for 112 gold pieces
  8342 | D        | Bought a wand of acid (7) for 411 gold pieces
  8342 | D        | Bought a wand of acid (4) for 235 gold pieces
  8342 | D        | Bought a wand of mindburst (4) for 78 gold pieces
  8362 | D        | Noticed a shadow dragon
  8367 | D        | Killed a shadow dragon
  8368 | D        | Reached skill level 1 in Fire Magic
  8368 | D        | Reached skill level 1 in Air Magic
  8379 | D        | Noticed a sphinx
  8389 | D        | Killed a sphinx
  8390 | D        | Reached skill level 15 in Spellcasting
  8531 | D        | Noticed a sphinx
  8531 | D        | Noticed a nagaraja
  8553 | D        | Killed a nagaraja
  8557 | D        | Killed a sphinx
  8675 | D        | Noticed a lich
  8679 | D        | Killed a lich
  9123 | D        | Got the amulet "Bianniar" {Faith Str+4 Int-5 Dex+6}
  9126 | D        | Got the ring of the Evening {rPois rC+ rN+++ MP+9 Dex-4}
  9152 | D        | Got the amulet "Luwkaudd" {Reflect rCorr SH+5 SInv}
  9154 | D        | Got the amulet of Syleun {Reflect rPois SH+5}
  9156 | D        | Got the amulet "Kopp" {Reflect ^Contam Str+8 Int+4 SH+5}
  9158 | D        | Got the amulet "Doriosav" {RegenMP rCorr Int+4 Dex+5}
  9185 | D        | Reached skill level 5 in Fire Magic
  9185 | D        | Reached skill level 5 in Air Magic
  9211 | D        | Noticed an ancient lich
  9214 | D        | Noticed a nagaraja
  9217 | D        | Killed an ancient lich
  9222 | D        | Killed a nagaraja
  9389 | D        | Got the amulet of Obliuwk {rElec rF+ Regen+ rCorr}
  9391 | D        | Got the amulet "Aciomol" {Reflect Regen+ Slay+3 SH+5
                  | Stlth-}
  9394 | D        | Got the ring of the Moon {rPois rF- Str+3 Dex+2 Slay+5}
  9396 | D        | Got the ring "Exuug" {rF++ rC+ Str+3 Slay+5}
  9398 | D        | Got the amulet of Nemokyj {rPois Regen+ Dex+4}
  9400 | D        | Got the amulet of Guofe Vitum {Harm rElec Regen+}
  9402 | D        | Got the ring "Sus Xil" {rC+ rN+}
  9406 | D        | Got the ring of Equilibrium {rPois rC+ AC+4 Stlth+}
  9438 | D        | Got the Secrets of the Forgotten Brambles
  9451 | D        | Got Dispater's Parchment of Cooperative Blasting
  9460 | D        | Got Sif Muna's Secrets of Black Rites
  9469 | D        | Got the Tome of the Transformed Wayfarer
  9508 | D        | Got the ring of Agnosticism {^Drain rN+ Str+3 SInv Stlth+}
  9510 | D        | Got the ring "Qaoddaa" {Fly rElec Str+6 Int+3}
  9512 | D        | Got the ring "Qawinek" {*Corrode Will+ Str+2 Int+6 Slay+3}
  9514 | D        | Got the ring of Girae {Fire rPois rCorr MP+9 Dex-2}
  9516 | D        | Got the ring "Miqecsi" {rElec Will+ Str+3 Int+6}
  9518 | D        | Got the ring "Uxatea" {Ice +Blink}
  9523 | D        | Got the ring of Puric {rC++ EV+6 Stlth-}
  9525 | D        | Got the ring "Carem" {rF+ EV+6 Str+7 SInv}
  9527 | D        | Got the ring of Due Proportion {rF+ rCorr Int+6}
  9529 | D        | Got the ring of Gautua {rPois rC+ Int+3}
  9531 | D        | Got the ring "Qezylo" {Ice *Slow rElec rPois rN+++}
  9534 | D        | Got the ring "Myviapn" {Will+ Str-5 Int-5 SInv Stlth+}
  9536 | D        | Got the ring "Plog" {rElec rC+ Str+6 Dex+2}
  9578 | D        | Noticed an electric golem
  9589 | D        | Killed an electric golem
  9639 | D        | Noticed a royal mummy
  9643 | D        | Killed a royal mummy
  9694 | D        | Noticed an electric golem
  9704 | D        | Killed an electric golem
 10121 | D        | Noticed a Tzitzimitl
 10128 | D        | Killed a Tzitzimitl
 10296 | D        | Noticed a sphinx
 10296 | D        | Noticed Gotog the pandemonium lord
 10296 | D        | Noticed a Tzitzimitl
 10300 | D        | Reached XP level 17. HP: 218/226 MP: 35/37
 10315 | D        | Killed Gotog the pandemonium lord
 10316 | D        | Reached skill level 27 in Maces & Flails
 10320 | D        | Killed a sphinx
 10322 | D        | Killed a ghostly sphinx
 10337 | D        | Killed a Tzitzimitl
 10658 | D        | Noticed an ancient lich
 10664 | D        | Killed an ancient lich
 10691 | D        | Noticed a Tzitzimitl
 10696 | D        | Killed a Tzitzimitl
 10714 | D        | Noticed a royal mummy
 10724 | D        | Killed a royal mummy
 10856 | D        | Noticed a deep elf blademaster
 10858 | D        | Killed a deep elf blademaster
 10878 | D        | Noticed a quicksilver dragon
 10878 | D        | Noticed a golden dragon
 10878 | D        | Noticed a golden dragon
 10878 | D        | Noticed a quicksilver dragon
 10878 | D        | Noticed a golden dragon
 10878 | D        | Noticed a quicksilver dragon
 10878 | D        | Noticed a golden dragon
 10879 | D        | Noticed a quicksilver dragon
 10879 | D        | Noticed a golden dragon
 10880 | D        | Noticed a quicksilver dragon
 10914 | D        | Killed a golden dragon
 10915 | D        | Killed a golden dragon
 10916 | D        | Reached skill level 27 in Armour
 10916 | D        | Noticed a quicksilver dragon
 10919 | D        | Killed a golden dragon
 11068 | D        | Killed a quicksilver dragon
 11077 | D        | Noticed a golden dragon
 11078 | D        | Noticed a golden dragon
 11086 | D        | Killed a quicksilver dragon
 11101 | D        | Killed a golden dragon
 11103 | D        | Noticed a golden dragon
 11107 | D        | Killed a golden dragon
 11109 | D        | Killed a golden dragon
 11116 | D        | Noticed a golden dragon
 11119 | D        | Killed a quicksilver dragon
 11119 | D        | Noticed a golden dragon
 11122 | D        | Reached XP level 18. HP: 236/236 MP: 32/38
 11124 | D        | Killed a golden dragon
 11127 | D        | Killed a golden dragon
 11133 | D        | Noticed a golden dragon
 11145 | D        | Killed a golden dragon
 11146 | D        | Killed a quicksilver dragon
 11149 | D        | Noticed a quicksilver dragon
 11155 | D        | Killed a quicksilver dragon
 11174 | D        | Killed a quicksilver dragon
 11183 | D        | Killed a golden dragon
 11188 | D        | Noticed a golden dragon
 11201 | D        | Killed a quicksilver dragon
 11206 | D        | Killed a golden dragon
 11215 | D        | Killed a golden dragon
 11221 | D        | Reached skill level 27 in Shields
 11251 | D        | Reached skill level 10 in Air Magic
 11253 | D        | Reached skill level 10 in Fire Magic
 11266 | D        | Noticed a golden dragon
 11277 | D        | Killed a golden dragon
 11408 | D        | Got the ring of Kuol {rElec rC+ EV+5 Int+3}
 11425 | D        | Got the amulet of Yxoygeir {Harm rF+ Regen+}
 11465 | D        | Got the Guide on the Jaunt and Virulence
 11476 | D        | Got a golden rune of Zot
 11478 | D        | Got the Spellbook of Necrotic Bewitchment
 11534 | D        | Got the ring "Nagaocko" {rC+ Dex+6}
 11911 | D        | Noticed Itecziar the pandemonium lord
 11924 | D        | Killed Itecziar the pandemonium lord
 11965 | D        | Noticed a Brimstone Fiend
 11968 | D        | Killed a Brimstone Fiend
 12272 | D        | Noticed a pearl dragon
 12277 | D        | Killed a pearl dragon
 12302 | D        | Reached XP level 19. HP: 245/245 MP: 43/43
 12307 | D        | Noticed a Brimstone Fiend
 12307 | D        | Noticed an Ice Fiend
 12307 | D        | Noticed Nikola
 12307 | D        | Noticed Xtahua
 12307 | D        | Noticed an orb of fire
 12307 | D        | Noticed a Tzitzimitl
 12307 | D        | Noticed a Brimstone Fiend
 12314 | D        | Killed Xtahua
 12321 | D        | Gained mutation: You are clumsy. (Dex -2) [an orb of fire]
 12332 | D        | Killed an orb of fire
 12365 | D        | Killed an Ice Fiend
 12496 | D        | Killed a Brimstone Fiend
 12545 | D        | Killed a Tzitzimitl
 12913 | D        | Noticed an ancient lich
 12918 | D        | Killed an ancient lich
 13147 | D        | Noticed an Ice Fiend
 13152 | D        | Killed an Ice Fiend
 13153 | D        | Reached skill level 15 in Fire Magic
 13153 | D        | Reached skill level 15 in Air Magic
 13230 | D        | Noticed Iphufewi the pandemonium lord
 13234 | D        | Noticed a golden dragon
 13236 | D        | Killed Iphufewi the pandemonium lord
 13282 | D        | Killed a Brimstone Fiend
 13294 | D        | Killed Nikola
 13439 | D        | Noticed a Killer Klown
 13439 | D        | Noticed Margery
 13439 | D        | Noticed a hellephant
 13451 | D        | Killed Margery
 13457 | D        | Killed a Killer Klown
 13474 | D        | Killed a hellephant
 13608 | D        | Noticed an electric golem
 13619 | D        | Killed an electric golem
 13626 | D        | Noticed Geewket the pandemonium lord
 13637 | D        | Killed Geewket the pandemonium lord
 13638 | D        | Noticed a Hell Sentinel
 13641 | D        | Killed a Hell Sentinel
 13646 | D        | Noticed a pearl dragon
 13656 | D        | Killed a pearl dragon
 13656 | D        | Noticed Topoth the pandemonium lord
 13659 | D        | Noticed Louise
 13659 | D        | Noticed an Ice Fiend
 13666 | D        | Killed Topoth the pandemonium lord
 13668 | D        | Killed Louise
 13679 | D        | Killed an Ice Fiend
 13737 | D        | Got the amulet of Free Expression {Acrobat Dex+2}
 13739 | D        | Got the ring of Yendor {rPois Int+4}
 13748 | D        | Got the ring "Reowk" {Ice rElec rN+ rCorr Str+3}
 13750 | D        | Got an iron rune of Zot
 13752 | D        | Got the ring "Ticiu" {rN+ Will+ AC+4 Int-3}
 13754 | D        | Got the ring of Veqorona {rElec EV+5 Int+8 Dex-5 Stlth+}
 13884 | D        | Noticed Dispater
 13884 | D        | Noticed Canic the pandemonium lord
 13905 | D        | Killed Canic the pandemonium lord
 13906 | D        | Reached XP level 20. HP: 256/256 MP: 46/48
 13921 | D        | Killed Dispater
 13935 | D        | Reached skill level 10 in Evocations
 14248 | D        | Noticed a royal mummy
 14259 | D        | Killed a royal mummy
 14415 | D        | Noticed Mara
 14416 | D        | Noticed rocky1's illusion
 14430 | D        | Killed Mara
 14758 | D        | Got the +7 giant spiked club of Fevvum {flame, rF+}
 14813 | D        | Got the ring "Aluimoqost" {Fly rF+ rC+ Will+}
 14815 | D        | Got the ring of Scepticism {rElec rPois rF+ Will+ Int-5}
 14817 | D        | Got the ring of Dishonour {rElec Str+6 Int+2}
 14819 | D        | Got the amulet "Liahaholl" {RegenMP rElec rF- Dex-3 SInv}
 14821 | D        | Got the ring "Kiraom" {Ice Will+ rCorr Int+8 Dex-4}
 14823 | D        | Got the ring "Coceditu" {Fly Dex+2}
 14825 | D        | Got the amulet "Hulycw" {Reflect rElec rF+ rN+ MP-9 SH+5}
 14827 | D        | Got the ring "Pizogierr" {rPois rN+}
 14838 | D        | Noticed Mennas
 14856 | D        | Killed Mennas
 14921 | D        | Reached skill level 27 in Dodging
 15130 | D        | Bought a potion of curing for 36 gold pieces
 15130 | D        | Bought 2 potions of magic for 192 gold pieces
 15130 | D        | Bought a potion of curing for 36 gold pieces
 15130 | D        | Bought a potion of curing for 36 gold pieces
 15132 | D        | Bought a potion of invisibility for 128 gold pieces
 15132 | D        | Bought a potion of curing for 48 gold pieces
 15132 | D        | Bought a potion of brilliance for 64 gold pieces
 15132 | D        | Bought a potion of curing for 48 gold pieces
 15132 | D        | Bought a potion of might for 64 gold pieces
 15132 | D        | Bought a potion of mutation for 128 gold pieces
 15132 | D        | Bought a potion of brilliance for 64 gold pieces
 15134 | D        | Bought a potion of curing for 99 gold pieces
 15142 | D        | Bought a potion of might for 68 gold pieces
 15142 | D        | Bought a potion of heal wounds for 85 gold pieces
 15142 | D        | Bought a potion of curing for 51 gold pieces
 15142 | D        | Bought a potion of invisibility for 136 gold pieces
 15142 | D        | Bought a potion of haste for 170 gold pieces
 15142 | D        | Bought a potion of heal wounds for 85 gold pieces
 15142 | D        | Bought a potion of might for 68 gold pieces
 15183 | D        | Noticed Boris
 15186 | D        | Noticed an ancient lich
 15186 | D        | Gained mutation: You are frail. (-10% HP) [a cacodemon]
 15195 | D        | Killed Boris
 15196 | D        | Reached skill level 27 in Spellcasting
 15202 | D        | Killed an ancient lich
 15608 | D        | Lost mutation: You are frail. (-10% HP) [potion of
                  | mutation]
 15608 | D        | Lost mutation: You are clumsy. (Dex -2) [potion of
                  | mutation]
 15608 | D        | Gained mutation: Your muscles are strong. (Str +4, Int/Dex
                  | -1) [potion of mutation]
 15608 | D        | Gained mutation: You have sharp toenails. [potion of
                  | mutation]
 15621 | D        | Learned a level 5 spell: Silence
 15630 | D        | Learned a level 8 spell: Infestation
 15638 | D        | Learned a level 7 spell: Haunt
 15648 | D        | Learned a level 9 spell: Death's Door
 15653 | D        | Learned a level 4 spell: Manifold Assault
 15653 | D        | Noticed an ancient lich
 15657 | D        | Noticed an ancient lich
 15660 | D        | Reached skill level 1 in Hexes
 15660 | D        | Reached skill level 1 in Summonings
 15660 | D        | Reached skill level 1 in Necromancy
 15660 | D        | Reached skill level 1 in Translocations
 15661 | D        | Noticed Dissolution
 15663 | D        | Killed an ancient lich
 15669 | D        | Noticed a bone dragon
 15678 | D        | Reached skill level 5 in Hexes
 15678 | D        | Reached skill level 5 in Summonings
 15678 | D        | Reached skill level 5 in Necromancy
 15678 | D        | Reached skill level 5 in Translocations
 15683 | D        | Killed a bone dragon
 15686 | D        | Killed Dissolution
 15687 | D        | Reached XP level 21. HP: 180/265 MP: 35/52
 15690 | D        | Killed an ancient lich
 15694 | D        | Noticed a curse toe
 15708 | D        | Killed a curse toe
 16085 | D        | Identified the orb of the Playwright {*channel, rElec rF+
                  | Will+ Dex+6}
 16085 | D        | Noticed Frederick
 16092 | D        | Killed Frederick
 16099 | D        | Reached skill level 10 in Hexes
 16099 | D        | Reached skill level 10 in Summonings
 16099 | D        | Reached skill level 10 in Necromancy
 16099 | D        | Reached skill level 10 in Translocations
 16116 | D        | Noticed Humah the pandemonium lord
 16126 | D        | Killed Humah the pandemonium lord
 16576 | D        | Noticed a royal mummy
 16587 | D        | Killed a royal mummy
 16687 | D        | Noticed Ignacio
 16741 | D        | Killed Ignacio
 17251 | D        | Bought a scroll of revelation for 375 gold pieces
 17251 | D        | Bought 2 scrolls of blinking for 750 gold pieces
 17251 | D        | Bought 2 potions of resistance for 1000 gold pieces
 17251 | D        | Bought a potion of haste for 500 gold pieces
 17251 | D        | Bought a potion of curing for 150 gold pieces
 17264 | D        | Noticed Buco the pandemonium lord
 17271 | D        | Reached XP level 22. HP: 252/275 MP: 48/53
 17282 | D        | Killed Buco the pandemonium lord
 17283 | D        | Reached skill level 15 in Hexes
 17283 | D        | Reached skill level 15 in Summonings
 17283 | D        | Reached skill level 15 in Necromancy
 17283 | D        | Reached skill level 15 in Translocations
 17372 | D        | Got the Orb of Zot
 17394 | D        | Noticed Misizuk the pandemonium lord
 17408 | D        | Killed Misizuk the pandemonium lord
 17582 | D        | Escaped with the Orb!

Illustrated notes

Levels and vault maps discovered:
D:        pitsprint [storerooms_1, entrance_room_1, metal_vault_4, armoury_3,
          mini_pit_1, grid_room_1, main_hall_1, silver_pit, the_coven_1,
          the_vestibule_1, steel_vault_4, golden_pit, hallway_of_sentries,
          crystal_vault_2, iron_vault_1, final_vault]

Skill      XL: |  1  2  3  4  5  6  7  8  9 10 11 12 13 14 15 16 17 18 19 20 21 22 |
---------------+-------------------------------------------------------------------+-----
Fighting       | 6 8 9 11 12 13 15 17 18 20 24 27 | 27.0
Maces & Flails | 5 8 9 11 12 14 16 18 20 22 23 26 27 | 27.0
Dodging        | 4 6 7 8 9 10 11 12 13 15 16 17 18 24 27 | 27.0
Armour         | 3 4 6 7 8 10 11 12 14 17 19 21 27 | 27.0
Spellcasting   | 4 7 9 12 14 16 20 24 27 | 27.0
Shields        | 4 10 15 17 22 27 | 27.0
Evocations     | 6 8 9 14 | 14.0
Fire Magic     | 6 13 17 21 24 25 | 25.2
Air Magic      | 6 13 17 21 24 25 | 25.1
Hexes          | 6 14 16 | 16.0
Summonings     | 6 14 16 | 16.0
Necromancy     | 6 14 16 | 16.0
Translocations | 6 14 16 | 16.0
Throwing       | |  2.0

Action                     |  1- 3 |  4- 6 |  7- 9 | 10-12 | 13-15 | 16-18 | 19-21 | 22-24 || total
---------------------------+-------+-------+-------+-------+-------+-------+-------+-------++-------
  Melee: Flail             |     6 |    47 |    71 |       |       |       |       |       ||   124
         Headbutt          |     1 |     9 |    23 |    71 |   103 |   119 |   140 |    15 ||   481
         Punch             |       |     1 |     1 |       |       |       |       |       ||     2
         Dire flail        |       |       |    83 |   286 |    94 |       |       |       ||   463
         Eveningstar       |       |       |       |       |   334 |   485 |   523 |    68 ||  1410
         Kick              |       |       |       |       |       |       |    73 |    31 ||   104
  Throw: Throwing net      |     2 |       |       |       |       |     1 |       |       ||     3
   Cast: Plasma Beam       |       |       |       |       |       |       |     3 |       ||     3
 Invoke: Potion Petition   |       |       |     1 |       |     5 |     2 |     5 |       ||    13
         Call Merchant     |       |       |     1 |     1 |     4 |     6 |     7 |       ||    19
  Evoke: Condenser vane    |       |       |       |       |       |       |     1 |       ||     1
    Use: Potion            |       |     1 |     7 |     4 |    22 |     2 |    14 |       ||    50
         Scroll            |       |       |       |     4 |     9 |     9 |     6 |       ||    28
   Stab: Sleeping          |     1 |       |     1 |       |       |       |       |       ||     2
         Distracted        |       |     2 |       |     1 |     4 |     5 |     2 |       ||    14
         Invisible         |       |       |     3 |     1 |       |     2 |     2 |       ||     8
         Petrified         |       |       |       |       |    15 |       |       |       ||    15
         Petrifying        |       |       |       |       |     1 |       |       |       ||     1
 Armour: Robe              |     3 |    27 |    81 |    62 |     3 |       |       |       ||   176
         Animal skin       |       |       |       |    82 |    83 |       |       |       ||   165
         Gold dragon scale |       |       |       |       |   397 |   425 |   424 |    22 ||  1268
  Dodge: Dodged            |       |    30 |    84 |   118 |   196 |   272 |   264 |    13 ||   977
  Block: Tower shield      |       |       |       |       |   389 |   696 |   914 |   104 ||  2103
         Reflection        |       |       |       |       |       |    11 |    28 |     2 ||    41

Table legend: (Time is in decaauts) A = Elapsed time spent in this place. B = Non-inter-level travel time spent in this place. C = Inter-level travel time spent in this place. D = Time resting spent in this place. E = Time spent auto-exploring this place. F = Levels seen in this place. G = Mean time per level. A B C D E F G +--------+--------+--------+--------+--------+-----+--------+ Total | 17786 | 17568 | 218 | 10640 | 0 | 1 | 17786.0 | Dungeon | 17786 | 17568 | 218 | 10640 | 0 | 1 | 17786.0 | +--------+--------+--------+--------+--------+-----+--------+

Top non-repeatable levels by time:
       D: 17786 daAuts
